 Dungeon Crawl Stone Soup version 0.18.1-48-g4cf74bf (webtiles) character file.

4026 PossumBlood the Fighter (level 10, -1/154 HPs)
             Began as a Minotaur Fighter on Aug 22, 2016.
             Was an Elder of Okawaru.
             Slain by an orc warrior
             ... wielding a +0 trident
              (6 damage)
             ... on level 8 of the Dungeon.
             The game lasted 00:20:21 (7773 turns).

PossumBlood the Fighter (Minotaur Fighter)          Turns: 7773, Time: 00:20:22

Health: -1/154     AC: 21    Str: 30    XL:     10   Next: 4%
Magic:  9/9        EV:  2    Int:  5    God:    Okawaru [****..]
Gold:   346        SH:  0    Dex: 10    Spells: 0 memorised, 9 levels left

rFire  . . .     SeeInvis +     w - +7 dagger of the Nexus {vamp, *Corrode Str+6}
rCold  + . .     Gourm    .     (armour currently unavailable)
rNeg   + + +     Faith    .     c - +0 shield
rPois  +         Spirit   .     (helmet currently unavailable)
rElec  .         Dismiss  .     (cloak currently unavailable)
rCorr  .         Reflect  .     (gloves currently unavailable)
SustAt .         Harm     .     (boots currently unavailable)
MR     .....     NoTele   +     K - amulet of Circularity {+Rage rPois rC+ SInv}
Stlth  +.........               (no ring)
                                (no ring)

@: confused, lethally poisoned (-1 -> -2), tree-form, corroded, not resistant to
hostile enchantments, very unstealthy
A: (retaliatory headbutt), (horns 0)
a: Heroism, Renounce Religion, Evoke Berserk Rage


You were on level 8 of the Dungeon.
You worshipped Okawaru.
Okawaru was greatly pleased with you.
You were not hungry.
You were a tree.
You visited 1 branch of the dungeon, and saw 9 of its levels.
You also visited: Sewer.

You collected 346 gold pieces.

Inventory:

Hand Weapons
 s - a +3 hand axe of chopping
 w - the +7 dagger of the Nexus (weapon) {vamp, *Corrode Str+6}
   (You found it on level 5 of the Dungeon)

   It inflicts no extra harm, but heals its wielder somewhat when it strikes a
   living foe.
   It affects your strength (+6).
   It may corrode you when you take damage.
Missiles
 d - 4 tomahawks
 k - 2 javelins of penetration (quivered)
 I - 4 tomahawks of dispersal
Armour
 b - a +0 scale mail (melded)
 c - a +0 shield (worn)
 y - the cursed +0 plate armour of the Carpenter {rN+ MR+ Str-3}
   (You found it on level 4 of the Dungeon)

   It affects your strength (-3).
   It protects you from negative energy.
   It affects your resistance to hostile enchantments.
   It has a curse placed upon it.
 E - a +1 cloak (melded)
 J - a +0 pair of gloves (melded)
Jewellery
 F - a cursed ring of teleportation
 K - the amulet of Circularity (around neck) {+Rage rPois rC+ SInv}
   (You found it on level 8 of the Dungeon)

   [amulet of rage]

   It protects you from cold.
   It protects you from poison.
   It lets you see invisible.
   It lets you go berserk.
 N - an uncursed amulet of harm {unknown}
Wands
 u - a wand of heal wounds (7/9)
 G - a wand of paralysis (15/24)
 M - a wand of flame (29/48)
Scrolls
 a - a scroll of summoning
 e - 5 scrolls of teleportation
 i - 2 scrolls of blinking
 l - 3 scrolls of remove curse
 n - 2 scrolls of amnesia
 q - 3 scrolls of identify
 t - 3 scrolls of magic mapping
Potions
 g - a potion of agility {unknown}
 h - 2 potions of resistance
 j - 2 potions of lignification
 o - a potion of flight {unknown}
 p - a potion of degeneration {unknown}
 r - a potion of mutation {unknown}
 x - 5 potions of brilliance
 z - 3 potions of curing {unknown}
 A - 2 potions of magic {unknown}
 B - a potion of ambrosia {unknown}
 C - 2 potions of might
 H - 2 potions of haste {unknown}
 L - a potion of cancellation {unknown}
Comestibles
 f - 3 bread rations
 m - 3 meat rations
 D - 2 beef jerkies


   Skills:
 * Level 14.1 Fighting
 - Level 2.4 Axes
 + Level 10.3 Armour
 - Level 3.6 Shields


You had 9 spell levels left.
You didn't know any spells.

Dungeon Overview and Level Annotations

Branches:
Dungeon (9/15)             Temple (0/1) D:5
   Lair: D:8-11         Orc: D:9-12

Altars:
Cheibriados
Okawaru
Pakellas
Ru
The Shining One

Shops:
D:5 ((=

Annotations:
D:8 Erolcha, Jessica


Innate Abilities, Weirdness & Mutations

((You reflexively headbutt those who attack you in melee.))
((You have a pair of horns on your head.))


Message History

Your corrosive artefact corrodes you!
The orc hits you but does no damage.
The worker ant bites you but does no damage.
The orc warrior hits you but does no damage.
You're too confused!
Drink which item? (? for menu, Esc to quit)
It was a potion of lignification.
You turn into a tree.
Your +1 cloak melds into your body.
Your +0 pair of gloves melds into your body.
Your +0 scale mail melds into your body.
Your roots penetrate the ground.
Erolcha growls.
Erolcha hits you with a giant spiked club!
* * * LOW HITPOINT WARNING * * *
The worker ant bites you but does no damage.
The orc hits you with a flail.
* * * LOW HITPOINT WARNING * * *
Erolcha tries to grin evilly.
Erolcha barely misses you.
The orc warrior hits you with a trident.
You die...

#.#.............### .
#####.#.............#
≈
....................#
≈
################....#
. ........##### .
#####.......# .
#.....(.# ≈
..######.........# ≈
......O♣.........+ .
..Y..oooa..####### .
≈......5.....# .
≈............# #
≈≈......#.#..#
;≈...........##
≈≈......#.#..%#
≈≈.###........#
#........##########


You could see Erolcha, a yak, an orc warrior, a worker ant, an electric eel, a
white imp and 2 orcs.

Vanquished Creatures
  2 polar bears (D:8)
  Prince Ribbit (D:5)
  Sigmund (D:6)
  2 yaks (D:8)
  Eustachio (D:6)
  The ghost of Flubber the Conjurer, an amateur DsCj (D:4)
  A steam dragon (D:8)
  Menkaure (D:4)
  Edmund (D:5)
  Duvessa (D:4)
  A phantom (D:5)
  3 ice beasts
  2 wolves (D:8)
  A centaur (D:8)
  3 ogres
  A big kobold (D:7)
  4 giant frogs
  2 scorpions
  Dowan (D:4)
  3 wights (D:6)
  2 crimson imps
  2 hounds (D:4)
  Crazy Yiuf (D:5)
  4 orc priests
  2 orc wizards
  2 iguanas (D:4)
  Natasha (thrice) (D:4)
  4 worker ants
  A hound skeleton (D:7)
  A killer bee simulacrum (D:8)
  7 gnolls
  12 adders
  A howler monkey skeleton (D:4)
  5 river rats
  An ufetubus (D:8)
  An adder skeleton (D:4)
  An adder zombie (D:6)
  8 worms
  A dart slug (D:1)
  5 giant geckos
  12 orcs
  4 giant cockroaches
  5 goblins
  9 hobgoblins
  2 jackals (D:4)
  12 kobolds
  3 quokkas
  5 ball pythons (Sewer)
  8 bats
  9 giant newts
  A quokka zombie (D:6)
  14 rats
181 creatures vanquished.

Notes
Turn   | Place    | Note
--------------------------------------------------------------
     0 | D:1      | PossumBlood the Minotaur Fighter began the quest for the Orb.
     0 | D:1      | Reached XP level 1. HP: 19/19 MP: 0/0
    31 | D:1      | Reached skill level 4 in Fighting
   111 | D:1      | Reached XP level 2. HP: 27/27 MP: 1/1
   304 | D:1      | Found a glowing golden altar of the Shining One.
   922 | D:2      | Reached XP level 3. HP: 34/34 MP: 2/2
  1174 | D:2      | Reached skill level 5 in Fighting
  1369 | D:2      | Reached XP level 4. HP: 42/42 MP: 3/3
  1495 | D:3      | Found a faded altar to an unknown god.
  1998 | D:3      | Found an iron altar of Okawaru.
  2010 | D:3      | Reached skill level 5 in Armour
  2022 | D:3      | Became a worshipper of Warmaster Okawaru
  2336 | D:4      | Noticed Menkaure
  2343 | D:4      | Killed Menkaure
  2343 | D:4      | Reached skill level 6 in Fighting
  2343 | D:4      | Reached XP level 5. HP: 15/51 MP: 4/4
  2496 | D:4      | Reached XP level 6. HP: 34/58 MP: 5/5
  2511 | D:4      | Reached skill level 7 in Fighting
  2544 | D:4      | Found a glowing drain.
  2548 | Sewer    | Entered a sewer
  3202 | D:4      | Noticed Natasha
  3207 | D:4      | Killed Natasha
  3343 | D:4      | Noticed Natasha
  3350 | D:4      | Killed Natasha
  3362 | D:4      | Reached skill level 8 in Fighting
  3427 | D:4      | Reached * piety under Okawaru
  3427 | D:4      | Reached XP level 7. HP: 63/68 MP: 6/6
  3468 | D:4      | Noticed Natasha
  3474 | D:4      | Killed Natasha
  3502 | D:4      | Noticed Dowan
  3504 | D:4      | Noticed Duvessa
  3514 | D:4      | Killed Dowan
  3519 | D:4      | Killed Duvessa
  3519 | D:4      | Reached skill level 9 in Fighting
  4110 | D:4      | Got a twisted plate armour
  4111 | D:4      | Identified the cursed +0 plate armour of the Carpenter {rN+ MR+ Str-3} (You found it on level 4 of the Dungeon)
  4330 | D:4      | Reached XP level 8. HP: 79/79 MP: 7/7
  4444 | D:4      | Noticed Flubber's ghost (amateur DsCj)
  4453 | D:4      | Killed Flubber's ghost
  4453 | D:4      | Reached ** piety under Okawaru
  4453 | D:4      | Reached skill level 10 in Fighting
  4697 | D:5      | Entered Level 5 of the Dungeon
  4741 | D:5      | Noticed Prince Ribbit
  4742 | D:5      | Found Zugu's Jewellery Boutique.
  4756 | D:5      | Killed Prince Ribbit
  4889 | D:5      | Got a jewelled dagger
  4890 | D:5      | Identified the +7 dagger of the Nexus {vamp, *Corrode Str+6} (You found it on level 5 of the Dungeon)
  4904 | D:5      | Found Buluqah's Antique Weapon Shop.
  4947 | D:5      | Found Qintyxzaa's Weapon Shop.
  4975 | D:5      | Noticed Edmund
  4983 | D:5      | Killed Edmund
  4983 | D:5      | Reached skill level 11 in Fighting
  4985 | D:5      | Found a snail-covered altar of Cheibriados.
  5048 | D:5      | Found a staircase to the Ecumenical Temple.
  5398 | D:5      | Noticed Crazy Yiuf
  5405 | D:5      | Killed Crazy Yiuf
  5693 | D:6      | Reached XP level 9. HP: 90/90 MP: 8/8
  5767 | D:6      | Reached skill level 12 in Fighting
  5986 | D:6      | Noticed Eustachio
  6002 | D:6      | Killed Eustachio
  6155 | D:6      | Reached *** piety under Okawaru
  6252 | D:6      | You fall through a shaft for 3 floors!
  6255 | D:9      | Found an oddly glowing altar of Pakellas.
  6432 | D:8      | Noticed Jessica
  6518 | D:8      | Noticed a polar bear
  6521 | D:8      | Noticed a polar bear
  6531 | D:8      | Killed a polar bear
  6531 | D:8      | Reached skill level 13 in Fighting
  6543 | D:8      | Killed a polar bear
  6543 | D:8      | Reached **** piety under Okawaru
  6701 | D:8      | Reached skill level 10 in Armour
  6711 | D:8      | Received a gift from Okawaru
  6937 | D:8      | Got a fine tin amulet
  6942 | D:8      | Noticed Erolcha
  6953 | D:6      | Identified the amulet of Circularity {+Rage rPois rC+ SInv} (You found it on level 8 of the Dungeon)
  6974 | D:6      | Noticed Sigmund
  6986 | D:6      | Killed Sigmund
  7149 | D:6      | Reached skill level 14 in Fighting
  7149 | D:6      | Reached XP level 10. HP: 92/103 MP: 9/9
  7487 | D:7      | Found a sacrificial altar of Ru.
  7771 | D:8      | HP: 5/103 [orc warrior/trident (3)]
  7773 | D:8      | Slain by an orc warrior

Skill      XL: |  1  2  3  4  5  6  7  8  9 |
---------------+----------------------------+-----
Fighting       | 4 5 6 8 9 11 14 | 14.1
Armour         | 4 5 6 7 8 10 | 10.3
Axes           | |  2.4
Shields        | |  3.6

Action                   |  1- 3 |  4- 6 |  7- 9 | 10-12 || total
-------------------------+-------+-------+-------+-------++-------
Melee: War axe           |   120 |    39 |       |       ||   159
       Headbutt          |    13 |    21 |    75 |     7 ||   116
       Hand axe          |       |   147 |    89 |       ||   236
       Dagger            |       |       |   204 |    24 ||   228
  Use: Potion            |       |     1 |       |     2 ||     3
       Scroll            |       |     8 |     8 |     5 ||    21
  Eat: Royal jelly       |     1 |       |       |       ||     1
       Bread ration      |       |     2 |     1 |     1 ||     4
       Fruit             |       |     1 |     5 |       ||     6
       Meat ration       |       |       |     1 |       ||     1
Armor: Scale mail        |    56 |    72 |    96 |    17 ||   241
       Skin              |       |       |       |     1 ||     1
Dodge: Dodged            |    35 |    50 |    79 |    17 ||   181
Block: Shield            |    60 |   105 |   141 |     8 ||   314
